 Dungeon Crawl Stone Soup version 0.21-a0-221-gfe971b9 (webtiles) character file.

27740 tof the Spear-Bearer (level 13, -2/101 HPs)
             Began as a Demonspawn Chaos Knight on Aug 27, 2017.
             Killed from afar by a storm dragon (31 damage)
             ... with a bolt of lightning
             ... in an ice cave.
             The game lasted 01:01:36 (16043 turns).

tof the Spear-Bearer (Demonspawn Chaos Knight)     Turns: 16043, Time: 01:01:37

Health: -2/101     AC: 23    Str: 15    XL:     13   Next: 6%
Magic:  9/13       EV: 14    Int: 20    God:    Xom [...*..]
Gold:   631        SH:  8    Dex: 15    Spells: 10/12 levels left

rFire    . . .     SeeInvis .   a - +2 spear (chaos)
rCold    . . .     Gourm    .   (no shield)
rNeg     . . .     Faith    .   p - +3 scale mail
rPois    .         Spirit   .   N - +1 hat of the Nexus {+Fly MR+ Int+3}
rElec    .         Reflect  .   u - +1 cloak {MR+}
rCorr    .         Harm     .   (no gloves)
MR       +++..                  M - +1 pair of boots {Stlth+}
Stlth    +.........             (no amulet)
HPRegen  0.66/turn              o - +5 ring of protection
MPRegen  0.13/turn              F - +5 ring of intelligence

@: very slightly contaminated
A: fangs 1, hooves 1, horns 1, large bone plates 3, demonic guardian 2, dopey 1,
magic resistance 1, mutation resistance 1, regeneration 1, spiny 1
a: Renounce Religion, Evoke Flight


You were in an ice cave.
You worshipped Xom.
You were a favourite toy of Xom.
You were not hungry.

You visited 3 branches of the dungeon, and saw 16 of its levels.
You also visited: Ice Cave and Volcano.

You collected 873 gold pieces.
You spent 242 gold pieces at shops.

Inventory:

Hand Weapons
 a - a +2 spear of chaos (weapon)
 Q - a +0 shortbow of freezing
Armour
 p - a +3 scale mail (worn)
 u - a +1 cloak of magic resistance (worn)
 B - a +0 ring mail of poison resistance
 D - a +4 ring mail
 M - a +1 pair of boots of stealth (worn)
 N - the +1 hat of the Nexus (worn) {+Fly MR+ Int+3}
   (You found it on level 11 of the Dungeon)

   It affects your intelligence (+3).
   It affects your resistance to hostile enchantments.
   It lets you fly.
Jewellery
 l - an uncursed ring of flight
 o - a +5 ring of protection (left hand)
 F - a +5 ring of intelligence (right hand)
Wands
 i - a wand of paralysis (9/24)
 z - a wand of flame (23/48)
 A - a wand of lightning (7/15)
 C - a wand of disintegration (9/24)
 E - a wand of iceblast (7/15)
 J - a wand of confusion (23/48)
 S - a wand of iceblast (10/15)
 U - a wand of scattershot (2/9)
Scrolls
 b - a scroll of blinking
 e - 3 scrolls of enchant armour
 m - 4 scrolls of fear
 s - 2 scrolls of vulnerability {unknown}
 v - a scroll of magic mapping
 w - 3 scrolls of fog
 x - a scroll of teleportation
 y - a scroll of summoning
 R - a scroll of random uselessness
 T - a scroll of torment {unknown}
Potions
 d - 4 potions of berserk rage
 h - a potion of lignification
 j - 4 potions of ambrosia
 k - 2 potions of heal wounds
 n - a potion of haste
 q - 3 potions of agility
 r - 5 potions of curing
 H - a potion of brilliance
 I - 5 potions of resistance
 L - a potion of cancellation
 P - 2 potions of flight
Books
 t - a book of Minor Magic

   Spells                             Type                      Level
   a - Magic Dart                     Conjuration                  1
   b - Blink                          Translocation                2
   c - Call Imp                       Summoning                    2
   d - Slow                           Hexes                        2
   e - Conjure Flame                  Conjuration/Fire             3
   f - Mephitic Cloud                 Conjuration/Poison/Air       3
 Y - a book of Beasts

   Spells                             Type                      Level
   a - Summon Butterflies             Summoning                    1
   b - Call Canine Familiar           Summoning                    3
   c - Summon Ice Beast               Ice/Summoning                4
   d - Summon Mana Viper              Hexes/Summoning              5
   e - Summon Hydra                   Summoning                    7
Miscellaneous
 G - a box of beasts
Comestibles
 c - 6 bread rations
 f - 6 royal jellies
 g - 10 meat rations
 K - 6 fruits


   Skills:
 + Level 9.6 Fighting
 * Level 11.8 Polearms
 * Level 11.8 Armour
 + Level 8.3 Dodging
 + Level 3.4 Translocations


You had 10 spell levels left.
You knew the following spells:

 Your Spells              Type           Power        Failure   Level  Hunger
a - Blink                 Tloc           N/A          21%         2    ###....


Dungeon Overview and Level Annotations

Branches:
Dungeon (13/15)            Temple (1/1) D:4            Lair (2/6) D:8
    Orc (0/2) D:10
  Swamp: Lair:2-4    Shoals: Lair:2-4     Snake: Lair:2-4    Spider: Lair:2-4
 Vaults: D:13-14

Altars:
Ashenzari
Dithmenos
Elyvilon
Gozag
Kikubaaqudgha
Makhleb
Nemelex Xobeh
Okawaru
Ru
Sif Muna
Trog
Uskayaw
Vehumet
Wu Jian
Xom
Yredelemnul
The Shining One

Shops:
D:6 [?*   D:11 !

Annotations:
D:13 Azrael


Innate Abilities, Weirdness & Mutations

You have a pair of small horns on your head.
You are completely covered in large bone plates. (SH +8)
A demonic guardian rushes to your aid.
You are partially covered in sharp spines.
You have very sharp teeth.
You have large cloven feet.
You are dopey. (Int -2)
You are resistant to hostile enchantments. (MR+)
You are somewhat resistant to further mutation.
Your natural rate of healing is unusually fast.


Message History

* * * LOW HITPOINT WARNING * * *
Your orange demon closely misses the storm dragon.
Your orange demon hits the storm dragon but does no damage.
Casting: Blink
Confirm with . or Enter, or press ? or * to list all spells.
You blink.
The storm dragon bites you but does no damage.
The storm dragon claws you but does no damage.
The storm dragon tramples you but does no damage.
Your orange demon stings the storm dragon!
Your orange demon hits the storm dragon but does no damage.
Casting: Blink
Confirm with . or Enter, or press ? or * to list all spells.
You miscast Blink.
You are very lightly contaminated with residual magic.
You feel uncomfortable.
The storm dragon breathes lightning at you.
The bolt of lightning hits you!
You die...
Xom titters!

### ###.D..#≈≈≈≈
###.#####..####≈≈≈≈≈
###..#.##..####≈≈≈≈≈≈≈
#..####..####.#.##≈≈≈≈
###..# #######..##≈≈≈≈≈
##...## ###....### ≈#≈≈
#..⌠..###...#....######≈
##...###D.####.....##.D#
##..§.@4## ##......###
######## ########


You could see a storm dragon and a friendly orange demon.

Vanquished Creatures
  A red draconian (Volcano)
  Erolcha (D:11)
  2 centaur warriors (D:13)
  An alligator (D:12)
  3 two-headed ogres
  A death yak (IceCv)
  An unseen horror (D:10)
  2 ugly things (D:12)
  An ice statue (IceCv)
  A gargoyle (D:13)
  2 centaur skeletons (D:10)
  A yaktaur (Volcano)
  A komodo dragon (Lair:1)
  3 trolls
  A tengu conjurer (D:13)
  10 polar bears (IceCv)
  A hornet (D:13)
  Prince Ribbit (D:7)
  2 hippogriffs
  2 wyverns
  Eustachio (D:5)
  A basilisk (D:12)
  23 yaks
  Edmund (D:4)
  A water moccasin (D:11)
  Duvessa (D:5)
  3 porcupines (Lair:1)
  An ice beast (D:9)
  A swamp drake (D:11)
  5 sky beasts
  A black bear (D:8)
  2 orc warriors
  3 phantoms
  A hornet zombie (D:12)
  An eye of draining (D:10)
  2 necrophages (D:8)
  8 centaurs
  4 ogres
  10 wolves
  2 big kobolds (D:13)
  10 bullfrogs
  A gnoll sergeant (D:8)
  6 scorpions
  A water moccasin skeleton (D:7)
  Dowan (D:5)
  13 killer bees
  14 wights
  3 howler monkeys
  2 jellies
  3 crimson imps
  A bullfrog zombie (D:8)
  4 hounds
  A quasit (D:11)
  Crazy Yiuf (D:5)
  10 orc priests
  10 orc wizards
  5 bullfrog skeletons
  3 iguanas
  11 worker ants
  2 hound skeletons
  A worker ant zombie (D:7)
  4 gnolls (D:8)
  6 adders
  A river rat (shapeshifter) (D:1)
  A shadow imp (D:13)
  11 white imps (Lair:2)
  An ooze (D:5)
  An adder skeleton (D:5)
  3 adder zombies
  5 worms
  5 dart slugs
  4 leopard geckos
  44 orcs
  A ball python (D:2)
  8 giant cockroaches
  6 hobgoblins
  9 jackals
  4 quokkas
  10 bats
  3 frilled lizards (D:2)
  4 goblins
  5 kobolds
  A leopard gecko zombie (D:8)
  8 rats
358 creatures vanquished.

Vanquished Creatures (collateral kills)
  A hydra (Lair:1)
  A centaur warrior (Volcano)
  A tengu warrior (D:13)
  Pikel (Temple)
  An ugly thing (D:13)
  A centaur skeleton (D:12)
  A komodo dragon (D:12)
  A kobold demonologist (D:13)
  2 polar bears (IceCv)
  2 slime creatures (D:13)
  A meliai zombie (D:11)
  10 yaks
  A warg (D:10)
  3 ice beasts
  A phantom (D:12)
  5 wolves (IceCv)
  An ogre (D:5)
  3 centaurs
  A bullfrog (D:6)
  4 killer bees
  A water moccasin skeleton (D:5)
  4 howler monkeys
  A hound (D:10)
  A jelly (D:11)
  An orc priest (D:7)
  An orc wizard (D:10)
  A worker ant (D:12)
  3 gnolls (D:8)
  An adder (D:11)
  A shadow imp (D:5)
  6 orcs
  A kobold (D:13)
64 creatures vanquished.

Vanquished Creatures (others)
  A death yak (IceCv)
  An ugly thing (D:11)
  5 yaks
  4 wolves (IceCv)
  A centaur (Volcano)
  A howler monkey (D:7)
  An orc priest (D:7)
  A hound (D:4)
  A worker ant (D:4)
  A white imp (Lair:2)
  An orc (D:4)
  A jackal skeleton (D:4)
  A kobold (D:13)
  A fungus (Lair:1)
21 creatures vanquished.

Grand Total: 443 creatures vanquished

Notes
Turn   | Place    | Note
-------+----------+-------------------------------------------
     0 | D:1      | tof the Demonspawn Chaos Knight began the quest for the Orb.
     0 | D:1      | Reached XP level 1. HP: 18/18 MP: 1/1
     4 | D:1      | Reached skill level 1 in Dodging
   158 | D:1      | Gained mutation: You are partially covered in sharp spines. [demonic ancestry]
   158 | D:1      | Reached XP level 2. HP: 17/24 MP: 2/2
   167 | D:1      | XOM: harmless Pois miscast
   221 | D:1      | XOM: silly message
   417 | D:1      | XOM: potion effect (invisibility)
   794 | D:2      | Gained mutation: You have a pair of small horns on your head. [demonic ancestry]
   794 | D:2      | Reached XP level 3. HP: 8/29 MP: 3/3
  1051 | D:2      | Found a radiant altar of Vehumet.
  1198 | D:2      | XOM: enchant monster (bad)
  1457 | D:2      | Found an iron altar of Okawaru.
  1457 | D:2      | Found a deep blue altar of Sif Muna.
  1770 | D:2      | XOM: silly message
  1941 | D:2      | Reached XP level 4. HP: 32/35 MP: 4/4
  2175 | D:3      | Noticed a centaur
  2176 | D:3      | XOM: butterfly on damage
  2177 | D:3      | XOM: harmless Air miscast
  2187 | D:3      | Killed a centaur
  2187 | D:3      | Gained mutation: A weak demonic guardian rushes to your aid. [demonic ancestry]
  2187 | D:3      | Reached XP level 5. HP: 13/41 MP: 5/5
  2418 | D:3      | XOM: harmless Hex miscast
  2431 | D:3      | XOM: harmless Tmut miscast
  2670 | D:3      | XOM: confusion
  2784 | D:3      | XOM: mild Hex miscast
  3286 | D:4      | Noticed Edmund
  3290 | D:4      | XOM: medium Ice miscast
  3291 | D:4      | XOM: noise
  3294 | D:4      | Killed Edmund
  3338 | D:4      | XOM: god gift: 23 gold pieces
  3448 | D:4      | Found a sacrificial altar of Ru.
  3448 | D:4      | XOM: 2-stop teleportation journey
  3494 | D:4      | Noticed a slave
  3496 | D:4      | Reached XP level 6. HP: 48/48 MP: 6/6
  3502 | D:4      | Noticed a slave
  3514 | D:4      | XOM: potion effect (invisibility)
  3519 | D:4      | XOM: 1-stop teleportation journey
  3609 | D:4      | XOM: noise
  3642 | D:4      | Noticed Pikel
  3645 | D:4      | XOM: divination: magic mapping
  3647 | D:4      | Noticed a slave
  3647 | D:4      | Noticed a slave
  3656 | D:4      | XOM: confuse monster(s)
  3663 | D:4      | Found a staircase to the Ecumenical Temple.
  3672 | Temple   | Entered the Ecumenical Temple
  3834 | Temple   | XOM: summons 3 hostile demons
  3835 | Temple   | Noticed a ynoxinul
  3838 | D:4      | XOM: butterfly on damage
  3839 | D:4      | XOM: polymorph shadow imp -> quasit
  3842 | Temple   | HP: 2/48 [shadow imp[Xom] (2)]
  3843 | Temple   | XOM: confuse monster(s)
  3847 | Temple   | XOM: fake destruction
  3914 | Temple   | XOM: summons 6 friendly demons
  3921 | Temple   | Killed Pikel
  3921 | Temple   | Gained mutation: You are partially covered in large bone plates. (SH +4) [demonic ancestry]
  3921 | Temple   | Reached XP level 7. HP: 16/54 MP: 7/7
  3943 | Temple   | XOM: give mutations
  3943 | Temple   | Gained mutation: Your mind is acute. (Int +2) [Xom's grace]
  3943 | Temple   | Gained mutation: Your mind is very acute. (Int +4) [Xom's grace]
  4145 | D:4      | Reached skill level 5 in Polearms
  4246 | D:4      | XOM: harmless Fire miscast
  4387 | D:4      | XOM: confuse monster(s)
  4614 | D:4      | Found a sacrificial altar of Ru.
  4861 | D:5      | Entered Level 5 of the Dungeon
  4865 | D:4      | Reached skill level 5 in Armour
  4913 | D:4      | XOM: give mutations
  4913 | D:4      | Gained mutation: You evolve. [Xom's grace]
  4913 | D:4      | Gained mutation: You have large cloven feet. [Xom's grace]
  4913 | D:4      | Gained mutation: Your natural rate of healing is unusually fast. [Xom's grace]
  5041 | D:5      | Noticed Eustachio
  5045 | D:5      | XOM: harmless Conj miscast
  5058 | D:5      | Killed Eustachio
  5058 | D:5      | Gained mutation: You are mostly covered in large bone plates. (SH +6) [demonic ancestry]
  5058 | D:5      | Reached XP level 8. HP: 61/61 MP: 8/8
  5185 | D:5      | Reached skill level 5 in Fighting
  5198 | D:5      | Noticed Duvessa
  5207 | D:5      | Noticed Dowan
  5214 | D:5      | XOM: summons friendly ufetubus
  5218 | D:5      | Killed Dowan
  5228 | D:5      | XOM: 1-stop teleportation journey
  5229 | D:5      | HP: 3/62 [poisoned by Dowan]
  5234 | D:5      | HP: 3/62 [poisoned by Dowan]
  5240 | D:5      | HP: 3/62 [poisoned by Dowan]
  5349 | D:5      | XOM: harmless Tmut miscast
  5363 | D:5      | XOM: harmless Tmut miscast
  5410 | D:5      | Killed Duvessa
  5504 | D:5      | Found a sparkling altar of Nemelex Xobeh.
  5528 | D:5      | Found a runed door.
  5532 | D:5      | Noticed Crazy Yiuf
  5536 | D:5      | Killed Crazy Yiuf
  5606 | D:6      | Found Zemeopou's Magic Scroll Shoppe.
  5610 | D:6      | Bought a scroll of magic mapping for 42 gold pieces
  5610 | D:6      | Bought a scroll of fog for 24 gold pieces
  5610 | D:6      | Bought a scroll of teleportation for 36 gold pieces
  5610 | D:6      | Bought a scroll of fear for 42 gold pieces
  5618 | D:6      | Gained mutation: Your flesh is cold resistant. (rC+) [evolution]
  5630 | D:6      | Found Ynnunu's Armour Boutique.
  5832 | D:6      | Found a shattered altar of Ashenzari.
  5877 | D:6      | Found Uxkiog's General Store.
  6115 | D:6      | XOM: noise
  6257 | D:7      | XOM: give mutations
  6257 | D:7      | Gained mutation: You have very sharp teeth. [Xom's grace]
  6257 | D:7      | Gained mutation: You can translocate small distances at will. [Xom's grace]
  6544 | D:7      | XOM: mild Summ miscast
  6655 | D:7      | Found an opulent altar of Gozag.
  6692 | D:7      | Found an ancient bone altar of Kikubaaqudgha.
  6694 | D:7      | Noticed Prince Ribbit
  6705 | D:7      | Killed Prince Ribbit
  6705 | D:7      | Reached XP level 9. HP: 57/69 MP: 9/9
  6761 | D:7      | XOM: destruction
  6983 | D:7      | Gained mutation: You rapidly evolve. [evolution]
  6983 | D:7      | Lost mutation: You rapidly evolve. [decline of evolution]
  7034 | D:7      | XOM: scenery: create altars
  7082 | D:8      | XOM: 1-stop teleportation journey
  7186 | D:8      | XOM: summons 3 friendly demons
  7281 | D:8      | Noticed a two-headed ogre
  7302 | D:8      | XOM: cast spell 'Call Canine Familiar'
  7313 | D:8      | XOM: chaos upgrade
  7316 | D:8      | Killed a two-headed ogre
  7316 | D:8      | Reached skill level 5 in Dodging
  7696 | D:8      | XOM: 1-stop teleportation journey
  7736 | D:8      | XOM: silly message
  7891 | D:8      | Found a sparkling altar of Nemelex Xobeh.
  7959 | D:8      | XOM: potion effect (haste)
  7962 | D:8      | Found a staircase to the Lair.
  7990 | D:8      | Gained mutation: A demonic guardian rushes to your aid. [demonic ancestry]
  7990 | D:8      | Reached XP level 10. HP: 77/77 MP: 10/10
  7991 | D:8      | Noticed a two-headed ogre
  7991 | D:8      | XOM: potion effect (agility)
  8004 | D:8      | Killed a two-headed ogre
  8185 | D:8      | Found a white marble altar of Elyvilon.
  8416 | D:9      | XOM: 1-stop teleportation journey
  8466 | D:9      | XOM: fake destruction
  8526 | D:9      | Gained mutation: Your magical capacity is low. (-10% MP) [mutagenic meat]
  8528 | D:9      | Gained mutation: Armour fits poorly on your strangely shaped body. [mutagenic meat]
  8529 | D:9      | Gained mutation: You are frail. (-10% HP) [mutagenic meat]
  8531 | D:9      | Lost mutation: You evolve. [mutagenic meat]
  8695 | D:9      | XOM: summons friendly quasit
  8696 | D:9      | XOM: divination: detect items
  8879 | D:10     | Entered Level 10 of the Dungeon
  8963 | D:9      | Gained mutation: Potions are less effective at restoring your health. [mutagenic meat]
  8983 | D:10     | XOM: scenery: 3 doors open
  8990 | D:9      | XOM: destruction
  9315 | D:10     | Killed an unseen horror
  9392 | D:10     | Found a staircase to the Orcish Mines.
  9559 | D:10     | XOM: harmless Tmut miscast
  9561 | D:10     | XOM: 6-stop teleportation journey
  9571 | D:10     | Reached XP level 11. HP: 76/76 MP: 9/9
  9861 | D:10     | XOM: scenery: 1 doors open, 1 doors close
  9966 | D:10     | XOM: god gift: box of beasts
 10253 | D:11     | Got a transparent hat
 10259 | D:11     | Identified the +1 hat of the Nexus {+Fly MR+ Int+3} (You found it on level 11 of the Dungeon)
 10275 | D:11     | Found Itwugaoc's Distillery.
 10278 | D:11     | Bought a potion of degeneration for 14 gold pieces
 10278 | D:11     | Bought a potion of curing for 42 gold pieces
 10278 | D:11     | Bought a potion of flight for 42 gold pieces
 10311 | D:11     | Noticed a red ugly thing
 10315 | D:11     | Noticed Erolcha
 10319 | D:11     | Banished a red ugly thing
 10349 | D:11     | Killed Erolcha
 10372 | D:11     | XOM: scenery: create altars
 10535 | D:11     | XOM: divination: detect creatures
 10710 | D:11     | Reached skill level 10 in Armour
 10857 | D:11     | Reached skill level 10 in Polearms
 10919 | D:11     | XOM: scenery: create altars
 10972 | D:11     | XOM: give mutation
 10972 | D:11     | Lost mutation: Your mind is very acute. (Int +4) [Xom's mischief]
 11190 | D:11     | XOM: give mutation
 11190 | D:11     | Gained mutation: You are resistant to hostile enchantments. (MR+) [Xom's grace]
 11251 | D:11     | XOM: summons 11 friendly demons
 11418 | D:12     | XOM: scenery: create altars
 11480 | D:12     | XOM: confuse monster(s)
 11590 | D:12     | XOM: scenery: create altars
 11672 | D:12     | Noticed an eight-headed hydra
 11672 | D:12     | XOM: cast spell 'Disjunction'
 11676 | D:12     | Noticed a white ugly thing
 11684 | D:12     | Noticed an alligator
 11684 | D:12     | an eight-headed hydra changed into an alligator
 11703 | D:12     | Killed an alligator
 11783 | D:12     | Killed a white ugly thing
 11788 | D:12     | XOM: divination: detect items
 11927 | D:12     | Noticed a white ugly thing
 11930 | D:12     | XOM: divine lightning
 11949 | D:12     | Killed a white ugly thing
 11963 | D:12     | XOM: scenery: create altars
 11992 | D:12     | Lost mutation: Your magical capacity is low. (-10% MP) [mutagenic meat]
 12046 | D:12     | Noticed a two-headed ogre
 12054 | D:12     | Killed a two-headed ogre
 12105 | D:12     | XOM: god gift: knobbly jewelled staff {god gift}
 12205 | D:13     | Learned a level 2 spell: Blink
 12274 | D:13     | Noticed a centaur warrior
 12281 | D:13     | Reached XP level 12. HP: 69/84 MP: 12/12
 12286 | D:13     | XOM: cast spell 'Metabolic Englaciation'
 12288 | D:13     | XOM: destruction
 12290 | D:13     | Killed a centaur warrior
 12411 | D:13     | XOM: stat loss: -1 Int (23/24)
 12426 | D:13     | Gained mutation: You possess an exceptional clarity of mind. [mutagenic meat]
 12467 | D:13     | Noticed a vault guard
 12473 | D:13     | Noticed a vault guard
 12476 | D:13     | Noticed a tengu warrior
 12522 | D:13     | Killed a tengu warrior
 12522 | D:13     | Reached skill level 1 in Translocations
 12649 | D:13     | XOM: chaos upgrade
 12778 | D:13     | XOM: enchant monster (bad)
 12846 | D:13     | Noticed a centaur warrior
 12872 | D:13     | Killed a centaur warrior
 13048 | D:13     | Noticed Azrael
 13178 | D:10     | XOM: medium Fire miscast
 13280 | Lair:1   | Entered Level 1 of the Lair of Beasts
 13349 | Lair:1   | Found a dark tunnel.
 13356 | Volcano  | Entered a volcano
 13372 | Volcano  | Noticed a centaur warrior
 13375 | Volcano  | Found a radiant altar of Vehumet.
 13376 | Volcano  | Noticed a red draconian
 13468 | Volcano  | XOM: enchant monster (good)
 13474 | Volcano  | XOM: butterfly on damage
 13477 | Volcano  | XOM: potion effect (haste)
 13477 | Volcano  | Killed a centaur warrior
 13505 | Volcano  | XOM: potion effect (might)
 13662 | Volcano  | Killed a red draconian
 13754 | Volcano  | XOM: medium Hex miscast
 13964 | Lair:1   | Found an ancient bone altar of Kikubaaqudgha.
 14007 | Lair:1   | XOM: repel stairs
 14050 | Lair:1   | XOM: mild Air miscast
 14176 | Lair:1   | Noticed a four-headed hydra
 14195 | Lair:1   | Killed a four-headed hydra
 14245 | Lair:1   | Lost mutation: You are frail. (-10% HP) [potion of mutation]
 14245 | Lair:1   | Lost mutation: Your flesh is cold resistant. (rC+) [potion of mutation]
 14245 | Lair:1   | Lost mutation: You possess an exceptional clarity of mind. [potion of mutation]
 14245 | Lair:1   | Lost mutation: Your mind is acute. (Int +2) [potion of mutation]
 14245 | Lair:1   | Gained mutation: You are somewhat resistant to further mutation. [potion of mutation]
 14370 | Lair:1   | XOM: scenery: 1 doors open
 14448 | Lair:1   | XOM: harmless Erth miscast
 14487 | Lair:1   | XOM: harmless Pois miscast
 14548 | Lair:1   | XOM: medium Erth miscast
 14605 | Lair:1   | XOM: noise
 14641 | Lair:2   | Found a frozen archway.
 14657 | Lair:2   | XOM: enchant monster (good)
 14682 | Lair:2   | XOM: harmless Chrm miscast
 14731 | Lair:2   | XOM: harmless Air miscast
 14735 | IceCv    | Entered an ice cave
 14762 | IceCv    | XOM: polymorph sixfirhy -> soul eater
 14773 | IceCv    | XOM: torment (38/95 hp)
 14822 | IceCv    | XOM: give mutation
 14822 | IceCv    | Lost mutation: Potions are less effective at restoring your health. [Xom's mischief]
 15191 | IceCv    | XOM: give mutations
 15191 | IceCv    | Lost mutation: Armour fits poorly on your strangely shaped body. [Xom's mischief]
 15191 | IceCv    | Lost mutation: You can translocate small distances at will. [Xom's mischief]
 15194 | IceCv    | XOM: give mutation
 15194 | IceCv    | Gained mutation: You are dopey. (Int -2) [Xom's mischief]
 15268 | IceCv    | XOM: harmless Summ miscast
 15363 | IceCv    | XOM: noise
 15378 | IceCv    | XOM: scenery: create altars
 15525 | IceCv    | Noticed a death yak
 15526 | IceCv    | XOM: polymorph sixfirhy -> soul eater
 15541 | IceCv    | Killed a death yak
 15541 | IceCv    | XOM: divine lightning
 15546 | IceCv    | Killed a death yak
 15552 | IceCv    | XOM: enchant monster (good)
 15559 | IceCv    | Gained mutation: You are completely covered in large bone plates. (SH +8) [demonic ancestry]
 15559 | IceCv    | Reached XP level 13. HP: 88/101 MP: 13/13
 15636 | IceCv    | XOM: 5-stop teleportation journey
 15765 | IceCv    | Noticed a storm dragon
 15765 | IceCv    | a death yak changed into a storm dragon
 15765 | IceCv    | XOM: polymorph death yak -> storm dragon
 16043 | IceCv    | Killed from afar by a storm dragon

Vault maps used:
D:1:      lightli_arrival_maybe_door_vault
D:2:      wad_lake_hut, fiery_altar_vehumet, gammafunk_temple_overflow_wave
D:3:      first_bread
D:4:      lemuel_round_altar, minmay_temple_entry_glassed_door,
          nicolae_ru_path_of_blood, uniq_edmund, uniq_pikel
D:5:      nemelex_dance_club_becter, uniq_duvessa, uniq_eustachio,
          uniq_crazy_yiuf_cottage
D:6:      nicolae_overflow_hidden_temple, serial_glass, glass_columns_a,
          glass_columns_a, glass_columns_b, glass_columns_a,
          due_unseen_surprise, minmay_strange_pillars, serial_shops,
          shop_statue, shop, shop_fountains
D:7:      grunt_gozag_statues, lemuel_doored_altar, minmay_holes,
          uniq_prince_ribbit1
D:8:      lemuel_round_altar, nemelex_xobeh_ov_fountains_minmay,
          lair_entry_dummy
D:10:     erik_orc_4
D:11:     serial_shops, kennysheep_mini_moat, uniq_erolcha
D:13:     grunt_vaults_entry_fortified, grunt_ogre_cave, uniq_azrael,
          uniq_maurice
Temple:   dshaligram_water_room_temple
Lair:1:   basic_altar, enter_volcano_1, lemuel_fruit_fields
Lair:2:   minmay_shoals_entry_beasts, portal_ice_cave_entry_imps,
          minmay_stone_trees_small
IceCv:    ice_cave_caverns_02
Volcano:  kennysheep_volcano_temple

Skill      XL: |  1  2  3  4  5  6  7  8  9 10 11 12 |
---------------+-------------------------------------+-----
Dodging        | 1 2 3 4 5 6 7 8 |  8.3
Armour         | 2 3 4 5 6 8 9 10 11 | 11.8
Polearms       | 3 4 5 6 8 9 10 11 | 11.8
Fighting       | 4 5 6 7 8 9 |  9.6
Translocations | 3 |  3.4

Action                   |  1- 3 |  4- 6 |  7- 9 | 10-12 | 13-15 || total
-------------------------+-------+-------+-------+-------+-------++-------
Melee: Spear             |   131 |    74 |   367 |  1079 |    50 ||  1701
       Headbutt          |     6 |    13 |    62 |   207 |     9 ||   297
       Trident           |       |    16 |       |       |       ||    16
       Kick              |       |       |    83 |   287 |       ||   370
       Bite              |       |       |    11 |   143 |     3 ||   157
 Cast: Blink             |       |       |       |       |     1 ||     1
 Abil: Blink             |       |       |       |     7 |       ||     7
  Use: Scroll            |       |     8 |     1 |    10 |     2 ||    21
       Potion            |       |       |       |     7 |       ||     7
 Stab: Paralysed         |     1 |       |       |    34 |     4 ||    39
       Distracted        |       |     1 |     2 |     4 |       ||     7
       Invisible         |       |     1 |       |       |       ||     1
       Confused          |       |       |     4 |     8 |       ||    12
       Petrifying        |       |       |       |    13 |       ||    13
       Petrified         |       |       |       |     4 |     2 ||     6
  Eat: Chunk             |     3 |     6 |     9 |    31 |     1 ||    50
       Bread ration      |       |     1 |       |     2 |     1 ||     4
Armor: Ring mail         |    14 |       |    28 |   194 |       ||   236
       Leather armour    |     3 |       |       |       |       ||     3
       Chain mail        |    13 |    35 |    90 |       |       ||   138
       Scale mail        |       |       |       |    73 |    30 ||   103
Dodge: Dodged            |    28 |    22 |    93 |   304 |    46 ||   493
Block: Other             |       |       |    88 |   163 |    19 ||   270

Table legend:
 A = Spawn XP
 B = Non-spawn XP
 C = Spawn XP percentage of total XP
 D = Spawn monster count
 E = Non-spawn monster count
 F = Spawn count percentage of total count
 G = Total turns spent on level
                    A         B        C        D         E        F      G
               +---------+---------+-------+---------+---------+-------+---------
         Total |    6328 |   33301 |  16.0 |      56 |     373 |  13.1 | 16043
               +---------+---------+-------+---------+---------+-------+---------
           D:1 |       4 |      35 |  10.3 |       2 |      14 |  12.5 |   764
           D:2 |      14 |      44 |  24.1 |       5 |      23 |  17.9 |  1329
           D:3 |     128 |      24 |  84.2 |       4 |       9 |  30.8 |  1193
           D:4 |      35 |     533 |   6.2 |       1 |      22 |   4.3 |  1217
           D:5 |       0 |     819 |   0.0 |       0 |      28 |   0.0 |   644
           D:6 |       0 |     192 |   0.0 |       0 |       6 |   0.0 |   590
           D:7 |     261 |    1098 |  19.2 |       3 |      26 |  10.3 |   876
           D:8 |     391 |    2570 |  13.2 |       5 |      33 |  13.2 |  1173
           D:9 |      33 |    1501 |   2.2 |       1 |      16 |   5.9 |   964
          D:10 |    1013 |    3342 |  23.3 |       9 |      49 |  15.5 |  1023
          D:11 |     534 |    3623 |  12.8 |      16 |      25 |  39.0 |  1189
          D:12 |    1453 |    3785 |  27.7 |       4 |      22 |  15.4 |   918
          D:13 |    2462 |    3140 |  43.9 |       6 |      20 |  23.1 |   941
        Temple |       0 |     439 |   0.0 |       0 |       1 |   0.0 |   459
        Lair:1 |       0 |    2441 |   0.0 |       0 |      12 |   0.0 |   823
        Lair:2 |       0 |     120 |   0.0 |       0 |      12 |   0.0 |    94
         IceCv |       0 |    7753 |   0.0 |       0 |      48 |   0.0 |  1308
       Volcano |       0 |    1842 |   0.0 |       0 |       7 |   0.0 |   538
               +---------+---------+-------+---------+---------+-------+---------
